 Dungeon Crawl Stone Soup version 0.22.0-38-g04b72b8 (webtiles) character file.

182 Tranderas the Covered (level 5, 0/43 HPs)
             Began as a Barachi Fighter on Aug 27, 2018.
             Slain by an orc
             ... wielding a +0 short sword
              (3 damage)
             ... on level 3 of the Dungeon on Aug 28, 2018.
             The game lasted 00:20:33 (2383 turns).

Tranderas the Covered (Barachi Fighter)             Turns: 2383, Time: 00:20:35

Health: 0/43       AC:  7    Str: 18    XL:     5   Next: 61%
Magic:  5/5        EV:  7    Int:  8    God:
Gold:   156        SH:  9    Dex: 12    Spells: 4/4 levels left

rFire    . . .     SeeInvis .   a - +0 flail
rCold    . . .     Gourm    .   c - +0 shield
rNeg     . . .     Faith    .   b - +0 scale mail
rPois    .         Spirit   .   (no helmet)
rElec    .         Reflect  .   (no cloak)
rCorr    .         Harm     .   (no gloves)
MR       .....                  (no boots)
Stlth    ..........             (no amulet)
HPRegen  0.14/turn              (no ring)
MPRegen  0.09/turn              (no ring)

@: can't hop, slow
A: +LOS, swims, slowness 1, strong legs 1
a: Hop


You were on level 3 of the Dungeon.
You were not hungry.

You visited 1 branch of the dungeon, and saw 3 of its levels.

You collected 156 gold pieces.

Inventory:

Hand Weapons
 a - a +0 flail (weapon)
 j - a cursed +0 mace
 r - a +0 hunting sling
Missiles
 h - 61 stones (quivered)
 k - 108 arrows
 s - 14 sling bullets
 t - 27 bolts
Armour
 b - a +0 scale mail (worn)
 c - a +0 shield (worn)
 i - a +0 ring mail
 x - a +2 robe of magic resistance
Jewellery
 y - an uncursed ring of see invisible {unknown}
Wands
 w - a wand of random effects (23)
Scrolls
 e - a scroll of amnesia {unknown}
 g - 2 scrolls of magic mapping {unknown}
 m - 2 scrolls of remove curse {unknown}
 u - 3 scrolls of identify {unknown}
 v - a scroll of enchant armour {unknown}
Potions
 d - a potion of might
 l - a potion of lignification {unknown}
 n - a potion of mutation {unknown}
 p - a potion of cancellation {unknown}
 q - 2 potions of curing
Comestibles
 f - 4 rations
 o - a chunk of flesh


   Skills:
 + Level 4.4 Fighting
 + Level 3.7 Maces & Flails
 + Level 1.0 Throwing
 + Level 4.6 Armour
 + Level 0.4 Dodging
 + Level 0.1 Stealth
 + Level 4.3 Shields


You had 4 spell levels left.
You didn't know any spells.
Your spell library was empty.

Dungeon Overview and Level Annotations

Branches:
Dungeon (3/15)

Altars:
Sif Muna


Innate Abilities, Weirdness & Mutations

Shadows flee at your approach. (+LOS)
You can swim through water.
You cover ground slowly.
You can hop short distances.


Message History

The orc priest is lightly wounded.
The orc priest barely misses you. You block the orc's attack.
You hit the orc priest.
The orc priest is moderately wounded.
The orc priest hits you. The orc hits you but does no damage.
You block the orc priest's attack.
You hit the orc priest.
The orc priest is severely wounded.
You block the orc's attack. The orc priest barely misses you.
The orc hits you but does no damage.
You closely miss the orc priest.
The orc priest is severely wounded.
The orc priest invokes the aid of Beogh against you.
Pain shoots through your body!
* * * LOW HITPOINT WARNING * * *
The orc hits you but does no damage.
You hit the orc priest but do no damage.
The orc priest is severely wounded.
The orc priest completely misses you. The orc hits you with a short sword.
You die...

≈≈ #... #.......#...........
≈≈≈##.(. #.......#...........
...≈≈... #####.####....#.[...
[..≈≈...##### #.####....#.#..<
........([.(###.........#.#..[
...≈≈≈.##)..........#'###.####
...≈≈. #..................
≈≈≈## #..ooow.##........# ≈≈
.......#@..##........#
..##.#.#...# ......... ..
#.#.#............. .
#.#.#............
#.#.####...###### #.#.# ...#
...# ..# .#


You could see a worm, an orc priest and 2 orcs.

Vanquished Creatures
  Jessica (D:2)
  2 orc wizards
  A gnoll (D:1)
  2 adders (D:2)
  An ooze (D:1)
  A worm (D:2)
  4 dart slugs
  2 leopard geckos
  9 orcs
  A ball python (D:2)
  7 bats
  4 giant cockroaches (D:1)
  4 goblins
  4 hobgoblins
  2 frilled lizards
  4 kobolds
  7 rats
56 creatures vanquished.

Notes
Turn   | Place    | Note
-------+----------+-------------------------------------------
     0 | D:1      | Tranderas the Barachi Fighter began the quest for the Orb.
     0 | D:1      | Reached XP level 1. HP: 18/18 MP: 1/1
     6 | D:1      | Reached XP level 2. HP: 18/25 MP: 2/2
   155 | D:1      | Reached XP level 3. HP: 30/30 MP: 3/3
   948 | D:2      | Reached XP level 4. HP: 24/37 MP: 4/4
  1266 | D:2      | Noticed Jessica
  1273 | D:2      | Killed Jessica
  1438 | D:2      | Found a deep blue altar of Sif Muna.
  1652 | D:2      | Reached XP level 5. HP: 42/42 MP: 5/5
  2352 | D:3      | Reached skill level 1 in Throwing
  2382 | D:3      | HP: 2/43 [orc priest/nerve-wracking pain (14)]
  2383 | D:3      | Slain by an orc

Skill      XL: |  1  2  3  4  5 |
---------------+----------------+-----
Armour         | 4 |  4.6
Shields        | 4 |  4.3
Maces & Flails | 3 |  3.7
Fighting       | 4 |  4.4
Throwing       | 1 |  1.0
Dodging        | |  0.4
Stealth        | |  0.1

Action                   |  1- 3 |  4- 6 || total
-------------------------+-------+-------++-------
Melee: Flail             |   101 |   129 ||   230
 Fire: Hunting sling     |       |     2 ||     2
Throw: Stone             |    20 |    23 ||    43
 Abil: Hop               |     2 |     6 ||     8
  Eat: Chunk             |     1 |     5 ||     6
Armor: Scale mail        |    42 |    56 ||    98
Dodge: Dodged            |    50 |    34 ||    84
Block: Shield            |    50 |    61 ||   111
